 Seeded DCSS version 0.31.0-11-ge490571c62 (webtiles) character file.

Game seed: 5769635627143049832 (custom seed)

7979 CInkIbrahim the Carver (level 11, 0/57 HPs)
             Began as a Gargoyle Gladiator on Jan 29, 2024.
             Was a Priest of Makhleb.
             Slain by Psyche
             ... wielding a +2 dagger of distortion
              (5 damage)
             ... on level 9 of the Dungeon.
             The game lasted 00:20:22 (8599 turns).

CInkIbrahim the Carver (Gargoyle Gladiator)         Turns: 8599, Time: 00:20:23

Health: 0/57       AC: 10    Str: 21    XL:     11   Next: 23%
Magic:  11/11      EV: 21    Int:  9    God:    Makhleb [***...]
Gold:   560        SH:  0    Dex: 14    Spells: 10/10 levels left

rFire   + + +        b - melded +3 scimitar
rCold   + + +        (shield currently unavailable)
rNeg    + + +        M - melded +2 scale mail {rC+}
rPois   ∞            c - melded +0 helmet
rElec   +            t - melded +0 cloak
rCorr   +            h - melded +1 pair of gloves "Iletury" {Slay+2}
SInv    .            (boots currently unavailable)
Will    .....        q - melded amulet of magic regeneration
Stlth   +            J - melded +6 ring of dexterity
HPRegen 0.29/turn    N - melded +5 ring of evasion
MPRegen 0.12/turn

%: no passive effects
@: wisp-form, resistant, flying
A: insubstantial, flying, no casting, sickness immunity, AC +8, tiny, negative
energy resistance 1, (electricity resistance), torment resistance 1,
petrification resistance, (cold resistance 1), strong 1
a: Renounce Religion, Minor Destruction, Lesser Servant of Makhleb


You were on level 9 of the Dungeon.
You worshipped Makhleb.
Makhleb was most pleased with you.
You were an insubstantial wisp.
You visited 2 branches of the dungeon, and saw 10 of its levels.

You collected 560 gold pieces.

Inventory:

Hand Weapons
 a - a +5 falchion
 b - a +3 scimitar (melded)
 I - a +2 dagger of draining
 P - a +1 dagger of venom
 T - a +2 dagger of holy wrath
Missiles
 d - 3 throwing nets (quivered)
 e - 11 javelins
 f - a curare-tipped dart
 y - 16 poisoned darts
Armour
 c - a +0 helmet (melded)
 h - the +1 pair of gloves "Iletury" (melded) {Slay+2}
   (You found it on level 5 of the Dungeon)

   Slay+2:    It affects your accuracy & damage with ranged weapons and melee
   (+2).
 t - a +0 cloak (melded)
 L - an orb of wrath
 M - a +2 scale mail of cold resistance (melded)
 S - a +1 plate armour of positive energy
Jewellery
 n - a ring of magical power
 q - an amulet of magic regeneration (melded)
 v - a ring of flight
 J - a +6 ring of dexterity (melded)
 N - a +5 ring of evasion (melded)
Talismans
 g - a flux talisman
 x - a storm talisman
 D - a granite talisman
Wands
 A - a wand of polymorph (9)
 K - a wand of digging (5)
Scrolls
 i - 2 scrolls of immolation
 j - 2 scrolls of noise
 p - a scroll of blinking {unknown}
 s - a scroll of teleportation {unknown}
 u - a scroll of summoning {unknown}
 z - a scroll of enchant weapon {unknown}
 E - 2 scrolls of amnesia
 F - a scroll of fear
 G - a scroll of vulnerability {unknown}
 H - a scroll of poison {unknown}
Potions
 k - a potion of haste
 m - a potion of attraction {unknown}
 r - a potion of degeneration
 w - 3 potions of brilliance
 B - 2 potions of lignification
 C - a potion of magic
 Q - a potion of mutation
Miscellaneous
 R - a tin of tremorstones (2/2)


   Skills:
 - Level 2.1 Fighting
 - Level 14.0 Long Blades
 - Level 1.7 Throwing
 + Level 6.0 Armour
 + Level 5.3 Dodging


You had 10 spell levels left.
You didn't know any spells.
Your spell library contained the following spells:

 Spells                   Type           Power      Damage    Failure   Level
 Ensorcelled Hibernation  Hex/Ice        0%         N/A       52%         2
 Dazzling Flash           Conj/Hex       0%         N/A       77%         3
 Fugue of the Fallen      Necr           0%         N/A       77%         3
 Mephitic Cloud           Conj/Alch/Air  0%         N/A       77%         3
 Anguish                  Hex/Necr       0%         N/A       99%         4
 Alistair's Intoxication  Alch           0%         N/A       100%        5
 Borgnjor's Vile Clutch   Necr/Erth      0%         N/A       100%        5
 Curse of Agony           Necr           0%         N/A       100%        5
 Silence                  Hex/Air        0%         N/A       100%        5
 Eringya's Noxious Bog    Alch           0%         4d6       100%        6


Dungeon Overview and Level Annotations

Branches:
Dungeon (9/15)             Temple (1/1) D:7             Orc (0/2) D:9
   Lair: D:8-11

Altars:
Ashenzari
Cheibriados
Dithmenos
Elyvilon
Fedhas
Gozag
Hepliaklqana
Kikubaaqudgha
Makhleb
Nemelex Xobeh
Okawaru
Qazlal
Ru
Trog
Vehumet
Wu Jian
Xom
Yredelemnul
Zin
The Shining One

Shops:
D:6 [

Annotations:
D:9 Psyche
Temple 2 transporters


Innate Abilities, Weirdness & Mutations

You are an insubstantial wisp.
Your tiny insubstantial body is highly resistant to most damage types.
You are flying.
Your equipment is entirely melded.
You are incapable of wielding weapons or throwing items.
You cannot cast spells.
You are immune to sickness and miasma.
((Your stone body is resilient. (AC +8)))
You are immune to poison.
You resist negative energy. (rN+)
((You are resistant to electric shocks. (rElec)))
You are resistant to unholy torment.
You are immune to petrification.
((Your flesh is cold resistant. (rC+)))
Your muscles are strong. (Str +4, Int/Dex -1)


Message History

The arc of chaos hits you!
Something tries to affect you, but you resist.
No target in view!
You feel protected.
As you read the scroll of fog, it dissolves into smoke.
You hear some strange, mumbled words.
Something tries to affect you, but you resist.
Something hits you but does no damage. Space warps around you.
Something hits you but does no damage. Space warps horribly around you!
You slash something!
You hear a zap.
Something tries to affect you, but you resist.
You hit something. You closely miss something.
You hear some strange, mumbled words.
You turn into an insubstantial wisp.
Your +3 scimitar melds into your body.
Your +0 cloak melds into your body.
Your +0 helmet melds into your body.
The +1 pair of gloves "Iletury" {Slay+2} melds into your body.
Your +2 scale mail of cold resistance melds into your body.
Your +6 ring of dexterity melds into your body.
Your +5 ring of evasion melds into your body.
Your amulet of magic regeneration melds into your body.
You feel less resistant to cold.
You feel clumsy.
You miss something.
You hear some strange, mumbled words.
A swirling arc of seething chaos appears!
An arc of chaos appears from out of thin air!
The arc of chaos hits you. You resist.
You touch something.
You hear a zap.
Something tries to affect you, but you resist.
Something hits you. Space warps horribly around you!
You barely miss something. Something closely misses you.
You touch something.
Something hits you. Space warps horribly around you!!
* * * LOW HITPOINT WARNING * * *
You barely miss something. Something hits you.
* * * LOW HITPOINT WARNING * * *
Space warps around you.
You die...

#.###.# #...#.#
#######.#.#
........#.######
..{.....§§§....#
#........####..#§###.##
#........'.....#§# #.#
#........#####.#{# #.#
#........# #.#v###.#
#........# #.#§§§..#
#........# #.#######
#........#####.#
..........>....#####
###..##.#.##........#
...)..#...##.######.#
#..##.######.# ......#
...


There were no monsters in sight!

Vanquished Creatures
  A two-headed ogre (D:8)
  An ugly thing (D:8)
  2 manticores
  Grinder (D:4)
  Sigmund (D:5)
  A spriggan (shapeshifter) (D:8)
  4 yaks (D:7)
  5 vampire mosquitoes
  3 steam dragons (D:8)
  5 water moccasins
  An ice beast (D:7)
  A sky beast (D:8)
  4 orc warriors
  A black bear (D:4)
  2 ogres (D:5)
  3 centaurs
  A kobold brigand (D:9)
  A gnoll sergeant (D:8)
  6 bullfrogs
  5 scorpions
  5 wights (D:8)
  4 killer bees (D:7)
  4 howler monkeys
  3 bombardier beetles
  A jelly (D:7)
  11 orc priests
  2 sleepcaps
  2 iguanas
  11 orc wizards
  9 adders
  6 gnolls
  2 white imps
  4 dart slugs
  A ribbon worm (D:3)
  56 orcs
  11 endoplasms
  9 goblins
  4 hobgoblins
  13 kobolds
  2 quokkas
  5 ball pythons
  8 bats
  A frilled lizard (D:1)
  3 rats
226 creatures vanquished.

Vanquished Creatures (others)
  A sky beast (D:8)
1 creature vanquished.

Grand Total: 227 creatures vanquished

Notes
Turn   | Place    | Note
-------+----------+-------------------------------------------
     0 | D:1      | CInkIbrahim the Gargoyle Gladiator began the quest for the
                  | Orb.
     0 | D:1      | Reached XP level 1. HP: 12/12 MP: 1/1
   119 | D:1      | Reached skill level 3 in Long Blades
   187 | D:1      | Reached XP level 2. HP: 12/17 MP: 2/2
   763 | D:2      | Reached XP level 3. HP: 21/21 MP: 3/3
   843 | D:2      | Reached skill level 4 in Long Blades
  1190 | D:2      | Reached XP level 4. HP: 24/26 MP: 4/4
  1796 | D:3      | Noticed a water moccasin
  1818 | D:3      | Killed a water moccasin
  1819 | D:3      | Reached skill level 5 in Long Blades
  1819 | D:3      | Reached XP level 5. HP: 30/30 MP: 5/5
  2398 | D:4      | Noticed Grinder
  2400 | D:4      | Gained mutation: You are vulnerable to heat. (rF-) [potion
                  | of mutation]
  2400 | D:4      | Gained mutation: You are agile. (Dex +4, Str/Int -1)
                  | [potion of mutation]
  2400 | D:4      | Gained mutation: You are somewhat resistant to further
                  | mutation. [potion of mutation]
  2402 | D:4      | Paralysed by Grinder for 4 turns
  2423 | D:4      | Paralysed by Grinder for 2 turns
  2430 | D:4      | Killed Grinder
  2431 | D:4      | Reached skill level 6 in Long Blades
  2431 | D:4      | Reached XP level 6. HP: 23/35 MP: 6/6
  2490 | D:4      | Lost mutation: You are somewhat resistant to further
                  | mutation. [potion of mutation]
  2490 | D:4      | Lost mutation: You are vulnerable to heat. (rF-) [potion of
                  | mutation]
  2490 | D:4      | Gained mutation: Armour fits poorly on your strangely
                  | shaped body. [potion of mutation]
  2490 | D:4      | Gained mutation: Your muscles are strong. (Str +4, Int/Dex
                  | -1) [potion of mutation]
  2512 | D:4      | Reached skill level 7 in Long Blades
  2512 | D:4      | Reached XP level 7. HP: 40/40 MP: 7/7
  2648 | D:4      | Found a burning altar of Makhleb.
  3137 | D:4      | Found a radiant altar of Vehumet.
  3254 | D:4      | Became a worshipper of Makhleb the Destroyer
  3264 | D:5      | Entered Level 5 of the Dungeon
  3264 | D:5      | Found a bloodstained altar of Trog.
  3529 | D:5      | Reached skill level 8 in Long Blades
  3546 | D:5      | Identified the +1 pair of gloves "Iletury" {Slay+2}
  3621 | D:5      | Reached XP level 8. HP: 44/44 MP: 8/8
  3765 | D:5      | Reached skill level 9 in Long Blades
  4075 | D:5      | Noticed Sigmund
  4084 | D:5      | Killed Sigmund
  4120 | D:5      | Found a sacrificial altar of Ru.
  4126 | D:5      | Found a sparkling altar of Nemelex Xobeh.
  4420 | D:6      | Reached skill level 10 in Long Blades
  4543 | D:6      | Found an opulent altar of Gozag.
  4607 | D:6      | Found Gerutz Bysch's Antique Armour Boutique.
  4914 | D:6      | Found a broken altar of Ashenzari.
  4989 | D:6      | Found a snail-covered altar of Cheibriados.
  4996 | D:6      | Reached * piety under Makhleb
  5026 | D:6      | Lost mutation: Your muscles are strong. (Str +4, Int/Dex
                  | -1) [potion of mutation]
  5026 | D:6      | Lost mutation: You are agile. (Dex +4, Str/Int -1) [potion
                  | of mutation]
  5026 | D:6      | Lost mutation: Armour fits poorly on your strangely shaped
                  | body. [potion of mutation]
  5026 | D:6      | Gained mutation: Your muscles are strong. (Str +4, Int/Dex
                  | -1) [potion of mutation]
  5026 | D:6      | Gained mutation: Your flesh is cold resistant. (rC+)
                  | [potion of mutation]
  5390 | D:7      | Reached XP level 9. HP: 48/48 MP: 9/9
  5597 | D:7      | Reached skill level 11 in Long Blades
  5651 | D:7      | Found a staircase to the Ecumenical Temple.
  5915 | D:7      | Reached skill level 12 in Long Blades
  6550 | Temple   | Found a transporter.
  6550 | Temple   | Found a transporter.
  6550 | Temple   | Found a transporter.
  6550 | Temple   | Found a transporter.
  6550 | Temple   | Entered the Ecumenical Temple
  6651 | D:7      | Reached skill level 1 in Armour
  6769 | D:8      | Reached XP level 10. HP: 53/53 MP: 10/10
  6811 | D:8      | Noticed a manticore
  6829 | D:8      | Noticed a two-headed ogre
  6837 | D:8      | Reached skill level 13 in Long Blades
  6848 | D:8      | Killed a manticore
  6856 | D:8      | Killed a two-headed ogre
  6856 | D:8      | Reached ** piety under Makhleb
  6863 | D:8      | Noticed an entropy weaver
  6893 | D:8      | an entropy weaver changed into a harpy
  6893 | D:8      | Noticed a harpy (shapeshifter)
  7201 | D:8      | Noticed a brown ugly thing
  7224 | D:8      | Killed a brown ugly thing
  7736 | D:9      | Found a staircase to the Orcish Mines.
  7740 | D:9      | Reached XP level 11. HP: 57/57 MP: 11/11
  7759 | D:9      | Reached skill level 5 in Armour
  8117 | D:9      | Reached skill level 14 in Long Blades
  8140 | D:9      | Reached *** piety under Makhleb
  8159 | D:9      | Reached skill level 5 in Dodging
  8342 | D:9      | Noticed a manticore
  8353 | D:9      | Killed a manticore
  8581 | D:9      | Noticed Psyche
  8599 | D:9      | Slain by Psyche

Illustrated notes

Levels and vault maps discovered:
D:1:      zelgadis_glass_arrival_small, layout_loops_cross
D:2:      layout_basic, minivault_11, minmay_misc_feat_encased
D:3:      layout_basic, kennysheep_flooded_box, supply_closet_lemuel,
          st_stairs_7, minmay_misc_feat_columns, minmay_misc_feat_x,
          grunt_decor_resistance, hangedman_glass_teeth,
          corexii_item_surrounded_by_moat, minmay_starry_boxes
D:4:      nicolae_BIG_FREAKIN_CUBE, layout_basic, mainiacjoe_overflow_chevrons,
          minmay_ruined_shrine, uniq_grinder
D:5:      layout_rooms, mainiacjoe_overflow_tiny_flanked,
          mainiacjoe_overflow_large_starburst, st_stairs_13, uniq_sigmund
D:6:      layout_loops_ring, slow_altar_1,
          nicolae_gozag_cash_rules_everything_around_me,
          nicolae_ashenzari_skybound, serial_shops,
          nicolae_shop_advertising_works [nicolae_subvault_shop_adworks]
D:7:      layout_loops_ring, minmay_temple_entry_purple_smoke
D:8:      layout_rooms, minmay_pinched_square
D:9:      layout_basic, hiddenorc2_lemuel, uniq_psyche, uniq_gastronok
Temple:   hellmonk_temple_divided_pantheon

Skill      XL: |  1  2  3  4  5  6  7  8  9 10 11 |
---------------+----------------------------------+-----
Long Blades    | 3 4 5 6 7 8 10 12 13 14 | 14.0
Armour         | 1 4 6 |  6.0
Dodging        | 4 5 |  5.3
Fighting       | |  2.1
Throwing       | |  1.7

Action                     |  1- 3 |  4- 6 |  7- 9 | 10-12 || total
---------------------------+-------+-------+-------+-------++-------
  Melee: Dagger            |    84 |    95 |   435 |   162 ||   776
         Punch             |       |     2 |     6 |     4 ||    12
         Falchion          |       |       |       |    24 ||    24
         Scimitar          |       |       |       |   174 ||   174
         Unarmed           |       |       |       |     5 ||     5
  Throw: Throwing net      |       |     3 |     4 |       ||     7
         Dart              |       |       |     3 |     2 ||     5
    Use: Scroll            |       |     1 |     6 |     4 ||    11
         Potion            |       |     7 |     8 |     5 ||    20
   Stab: Invisible         |       |     2 |     2 |       ||     4
         Held in net/web   |       |       |     3 |       ||     3
 Armour: Leather armour    |    27 |       |       |       ||    27
         Ring mail         |    18 |    36 |   248 |       ||   302
         Scale mail        |       |       |    34 |   123 ||   157
         Skin              |       |       |       |    64 ||    64
  Dodge: Dodged            |    59 |    47 |   198 |   222 ||   526
